 Dungeon Crawl Stone Soup version 0.28.0-47-ge53b351184 (webtiles) character file.

Game seed: 12418778607992974237

450 Bruhh the Sneak (level 7, -7/41 HPs)
             Began as a Gargoyle Monk on Apr 27, 2022.
             Mangled by an ogre
             ... wielding a +0 giant club
              (12 damage)
             ... on level 5 of the Dungeon.
             The game lasted 00:08:54 (6223 turns).

Bruhh the Sneak (Gargoyle Monk)                     Turns: 6223, Time: 00:08:55

Health: -7/41      AC: 15    Str: 14 (16) XL:     7   Next: 4%
Magic:  7/7        EV: 11    Int: 10 (11) God:
Gold:   128        SH:  5    Dex: 11 (12) Spells: 6/6 levels left

rFire   + . .      SeeInvis .   a - +0 mace
rCold   . . .      Faith    .   (no shield)
rNeg    + . .      Spirit   .   i - +2 ring mail {rF+}
rPois   ∞          Reflect  +   (no helmet)
rElec   +          Harm     .   (no cloak)
rCorr   .          Rampage  .   (no gloves)
Will    .....                   (no boots)
Stlth   ++........              c - amulet of reflection
HPRegen 0.13/turn               n - +4 ring of protection
MPRegen 0.10/turn               (no ring)

@: no status effects
A: sickness immunity, AC +4, negative energy resistance 1, electricity
resistance, torment resistance 1, petrification resistance
a: no special abilities


You were on level 5 of the Dungeon.
You visited 1 branch of the dungeon, and saw 5 of its levels.

You collected 128 gold pieces.

Inventory:

Hand Weapons
 a - a +0 mace (weapon)
Armour
 b - a +0 robe
 i - a +2 ring mail of fire resistance (worn)
Jewellery
 c - an amulet of reflection (around neck)
 n - a +4 ring of protection (left hand)
Wands
 k - a wand of flame (24)
Scrolls
 d - a scroll of enchant weapon
 m - a scroll of enchant armour (quivered)
Potions
 e - a potion of mutation
 g - a potion of cancellation
 j - a potion of curing


   Skills:
 - Level 3.2 Fighting
 + Level 5.8 Maces & Flails
 - Level 2.4 Dodging
 + Level 6.3 Stealth


You had 6 spell levels left.
You didn't know any spells.
Your spell library contained the following spells:

 Spells                   Type           Power      Damage    Failure   Level
 Animate Skeleton         Necr           0%         N/A       61%         1
 Pain                     Necr           0%         1d4       61%         1
 Vampiric Draining        Necr           0%         2d6       93%         3


Dungeon Overview and Level Annotations

Branches:
Dungeon (5/15)
 Temple: D:4-7

Altars:
Ashenzari
Elyvilon
Qazlal
Trog

Annotations:
D:2 Sigmund
D:3 3 runed translucent doors, supermoro's ghost, amateur MiFi


Innate Abilities, Weirdness & Mutations

You are immune to sickness and miasma.
Your stone body is resilient. (AC +4)
You are immune to poison.
You resist negative energy. (rN+)
You are resistant to electric shocks. (rElec)
You are resistant to unholy torment.
You are immune to petrification.


Message History

g - a potion of cancellation
As you read the scroll of identify, it crumbles to dust.
j - a potion of curing
Aiming: Throw Flame
Press: ? - help, Shift-Dir - straight line, f - ogre
Aim: an ogre, wielding a +0 giant club (wandering, hasn't noticed you, 85% to hit)
The puff of flame hits the ogre.
The ogre is moderately wounded.
The ogre shouts!
Aiming: Throw Flame
Press: ? - help, Shift-Dir - straight line, f/p - ogre
Aim: an ogre, wielding a +0 giant club (moderately wounded, 85% to hit)
The puff of flame hits the ogre.
The ogre is moderately wounded.
Aiming: Throw Flame
Press: ? - help, Shift-Dir - straight line, f/p - ogre
Aim: an ogre, wielding a +0 giant club (moderately wounded, 85% to hit)
The puff of flame hits the ogre.
The ogre is moderately wounded.
Aiming: Throw Flame
Press: ? - help, Shift-Dir - straight line, f/p - ogre
Aim: an ogre, wielding a +0 giant club (moderately wounded, 85% to hit)
The puff of flame hits the ogre.
The ogre is heavily wounded.
You hit the ogre.
The ogre is heavily wounded.
The ogre hits you with a +0 giant club!
You sock the ogre!
The ogre is almost dead.
The ogre hits you with a +0 giant club!
You barely miss the ogre.
The ogre is almost dead.
The ogre hits you with a +0 giant club!
* * * LOW HITPOINT WARNING * * *
You hit the ogre.
The ogre is almost dead.
You closely miss the ogre.
The ogre is almost dead.
The ogre hits you with a +0 giant club!
You die...

#..#### .. #..# ..
#..# .###.####..# #
.##........# #
.##..###...# # .##
#...#
#####.##..###...####
#..@O...[...........
#.###.##..###...####
#.# ...........#
#.######..........!.
#...................
#..########.###.##.#
####..# #. #.....
#.....# # #. .##.#
#.###.#.# ## .# #


You could see an ogre.

Vanquished Creatures
  A necrophage (D:5)
  2 scorpions
  A killer bee (D:5)
  A hound (D:4)
  An iguana (D:3)
  An orc wizard (D:4)
  4 adders
  3 worms
  3 dart slugs
  4 orcs
  5 endoplasms
  A giant cockroach (D:2)
  6 goblins
  8 hobgoblins
  5 jackals
  3 quokkas
  4 ball pythons
  4 bats
  3 frilled lizards
  5 kobolds
  5 rats
70 creatures vanquished.

Vanquished Creatures (others)
  A wizard (D:3)
1 creature vanquished.

Grand Total: 71 creatures vanquished

Notes
Turn   | Place    | Note
-------+----------+-------------------------------------------
     0 | D:1      | Bruhh the Gargoyle Monk began the quest for the Orb.
     0 | D:1      | Reached XP level 1. HP: 14/14 MP: 1/1
    83 | D:1      | Reached XP level 2. HP: 19/19 MP: 2/2
   368 | D:1      | Reached skill level 3 in Stealth
   904 | D:1      | Reached XP level 3. HP: 18/23 MP: 3/3
  1503 | D:2      | Noticed Sigmund
  1886 | D:2      | Reached XP level 4. HP: 25/28 MP: 4/4
  2881 | D:3      | Found a broken altar of Ashenzari.
  2924 | D:3      | Found a white marble altar of Elyvilon.
  2955 | D:3      | Reached skill level 4 in Stealth
  3287 | D:3      | Noticed supermoro's ghost (amateur MiFi)
  3312 | D:3      | Found a runed translucent gate.
  3312 | D:3      | Found a runed translucent gate.
  3312 | D:3      | Found a runed translucent gate.
  3536 | D:3      | Found a bloodstained altar of Trog.
  3538 | D:3      | Noticed a wizard
  3543 | D:3      | Killed a wizard
  3571 | D:3      | Reached XP level 5. HP: 30/32 MP: 5/5
  3616 | D:3      | Found a faded altar of an unknown god.
  4379 | D:4      | Reached skill level 5 in Maces & Flails
  4379 | D:4      | Reached skill level 5 in Stealth
  4379 | D:4      | Reached XP level 6. HP: 27/37 MP: 6/6
  5523 | D:5      | Entered Level 5 of the Dungeon
  5523 | D:5      | Noticed a necrophage
  5551 | D:5      | Killed a necrophage
  5653 | D:5      | Reached skill level 6 in Stealth
  5864 | D:5      | Found a stormy altar of Qazlal.
  6111 | D:5      | Reached XP level 7. HP: 20/41 MP: 7/7
  6223 | D:5      | Mangled by an ogre

Illustrated notes

Levels and vault maps discovered:
D:1:      nagdon_arrival_zigzag_paths, layout_basic, serial_bayou_pond_c,
          st_stairs_5, minmay_pentomino_x4
D:2:      layout_rooms, eino_tiny_chamber, uniq_sigmund
D:3:      layout_basic, trog_wizard, mainiacjoe_overflow_catch_the_wave,
          dreamdust_ecumenical_altar_angels_and_demons, gammafunk_ghost_icy,
          kennysheep_cluttered_room, chequers_serial_rivers_micro_c,
          minmay_cut_off
D:4:      layout_gridville
D:5:      layout_loops_ring, old_standard_altar, hangedman_abyss_or_decor_passed

Skill      XL: |  1  2  3  4  5  6 |
---------------+-------------------+-----
Stealth        | 3 4 5 6 |  6.3
Maces & Flails | 4 5 |  5.8
Fighting       | |  3.2
Dodging        | |  2.4

Action                   |  1- 3 |  4- 6 |  7- 9 || total
-------------------------+-------+-------+-------++-------
Melee: Mace              |    87 |   178 |     5 ||   270
       Punch             |       |     1 |       ||     1
Evoke: Wand              |       |       |     4 ||     4
  Use: Scroll            |       |     5 |     4 ||     9
       Potion            |       |     2 |       ||     2
 Stab: Sleeping          |     1 |     7 |       ||     8
Armor: Robe              |    38 |    16 |       ||    54
       Skin              |       |     7 |       ||     7
       Ring mail         |       |    69 |       ||    69
Dodge: Dodged            |    61 |   105 |       ||   166
Block: Other             |    32 |    37 |       ||    69
       Reflection        |       |     2 |       ||     2
